 Dungeon Sprint DCSS version 0.21.0-25-ge575cb9 (webtiles) character file.

72 wojtek the Chopper (level 4, -11/63 HPs)
             Began as a Minotaur Berserker on Jan 23, 2018.
             Was a Believer of Trog.
             Mangled by a water elemental (18 damage)
             ... in the Dungeon (Sprint III: "The Ten Rune Challenge").
             The game lasted 00:00:33 (314 turns).

wojtek the Chopper (Minotaur Berserker)              Turns: 314, Time: 00:00:33

Health: -11/63     AC:  2    Str: 27    XL:     4   Next: 6%
Magic:  3/3        EV: 13    Int:  4    God:    Trog [**....]
Gold:   41         SH:  0    Dex: 10    Spells: 3/3 levels left

rFire    . . .     SeeInvis .   a - +0 hand axe
rCold    . . .     Gourm    .   (no shield)
rNeg     . . .     Faith    .   b - +0 animal skin
rPois    .         Spirit   .   (helmet restricted)
rElec    .         Reflect  .   (no cloak)
rCorr    .         Harm     .   (no gloves)
MR       .....     NoTele   +   (no boots)
Stlth    ..........             (no amulet)
HPRegen  0.20/turn              (no ring)
MPRegen  0.08/turn              (no ring)

@: berserking, engulfed (cannot breathe), very quick
A: retaliatory headbutt, horns 2
a: Berserk, Trog's Hand, Burn Spellbooks, Renounce Religion


You were in the Dungeon.
You worshipped Trog.
Trog was pleased with you.
You were not hungry.

You visited 1 branch You collected 41 gold pieces.

Inventory:

Hand Weapons
 a - a +0 hand axe (weapon)
Armour
 b - a +0 animal skin (worn)
Scrolls
 i - a scroll of blinking
 k - a scroll of holy word {unknown}
 l - 2 scrolls of identify
 m - 3 scrolls of remove curse
 o - 4 scrolls of immolation {unknown}
Potions
 d - a potion of curing
 e - 3 potions of heal wounds
 f - a potion of haste
 g - 2 potions of magic
 h - a potion of berserk rage
 n - 2 potions of flight
 p - 6 potions of mutation
Comestibles
 c - 3 rations
 j - 3 chunks of flesh


   Skills:
 + Level 5.5 Fighting
 * Level 7.0 Axes
 + Level 4.8 Armour
 + Level 4.4 Dodging


You had 3 spell levels left.
You didn't know any spells.

Dungeon Overview and Level Annotations

Branches:
Dungeon (1/1)

Altars:


Innate Abilities, Weirdness & Mutations

You reflexively headbutt those who attack you in melee.
You have a pair of horns on your head.


Message History

The water elemental is moderately damaged.
Your lungs strain for air!
The water elemental misses you. You furiously retaliate!
You headbutt the water elemental. You slash the water elemental!
You headbutt the water elemental, but do no damage.
The water elemental is severely damaged.
Your lungs strain for air!
You barely miss the water elemental.
Your headbutt misses the water elemental.
The water elemental is severely damaged.
Your lungs strain for air!
The water elemental hits you!
* * * LOW HITPOINT WARNING * * *
You slash the water elemental!
The water elemental is almost destroyed.
* * * LOW HITPOINT WARNING * * *
Your lungs strain for air!
The water elemental hits you!!
You die...

▓▓▓▓▓▓▓▓ ▓▓▓ <..#...####
##.# ...#......#####..#
..##.......#..#..#
##.##.##...#..#..#
##.##.###..##'#.@#
#.####.##..###...E.⌠....
.###..##..####...#...###
#.....##..###....#.⌠.#
###..##..÷##.....# ..#
##..##....#......# ###
#..###..##.#.....# #).#
#..#####....# ▓▓▓▓ ▓▓▓▓
▓▓▓▓▓▓


You could see a water elemental.

Vanquished Creatures
  A scorpion (D)
  A human (D)
  An ooze (D)
  3 rats (D)
6 creatures vanquished.

Vanquished Creatures (others)
  2 draconian scorchers (D)
  6 hellions (D)
  5 plants (D)
13 creatures vanquished.

Grand Total: 19 creatures vanquished

Notes
Turn   | Place    | Note
-------+----------+-------------------------------------------
     0 | D        | wojtek the Minotaur Berserker began the quest for the Orb.
     0 | D        | Reached XP level 1. HP: 19/19 MP: 0/0
    11 | D        | Reached skill level 4 in Axes
    99 | D        | Killed a hellion
    99 | D        | Killed a hellion
    99 | D        | Killed a hellion
   100 | D        | Killed a hellion
   101 | D        | Killed a hellion
   110 | D        | Killed a hellion
   112 | D        | Reached ** piety under Trog
   146 | D        | Reached skill level 5 in Axes
   146 | D        | Reached XP level 2. HP: 28/28 MP: 1/1
   148 | D        | Killed a white draconian scorcher
   173 | D        | Killed a white draconian scorcher
   204 | D        | Noticed a scorpion
   211 | D        | Killed a scorpion
   211 | D        | Reached skill level 5 in Fighting
   211 | D        | Reached skill level 7 in Axes
   211 | D        | Reached XP level 3. HP: 27/36 MP: 2/2
   211 | D        | Reached XP level 4. HP: 32/42 MP: 3/3
   306 | D        | Noticed a water elemental
   314 | D        | Mangled by a water elemental

Skill      XL: |  1  2 |
---------------+-------+-----
Fighting       | 4 5 |  5.5
Axes           | 5 7 |  7.0
Armour         | 3 4 |  4.8
Dodging        | 3 4 |  4.4

Action                   |  1- 3 |  4- 6 || total
-------------------------+-------+-------++-------
Melee: Hand axe          |    13 |     7 ||    20
       Headbutt          |     5 |     1 ||     6
Invok: Berserk           |     1 |     1 ||     2
Armor: Animal skin       |     1 |       ||     1
Dodge: Dodged            |     6 |     2 ||     8
